Map: Oxide LE

Players

Epic - Winner!

  • Race: Terran Terran
  • League: Grandmaster
  • Spawn Location: 1:00

Astrea

  • Race: Protoss Protoss
  • League: Master
  • Spawn Location: 7:00

Event: Cheeseadelphia Winter Championship 2021

VOD

Have the link to the VOD?

Description

Time

  • Played on: Jan. 23, 2021, 10:44 a.m.
  • Length: 12:09

All games in this series

Show
View Real Time Build Order
Export as new Build Order

Epic Terran - Winner!

Build Orders:  

Get SALT Encoding   

  12  0:00  SCV  
  13  0:12  SCV  
  14  0:17  Supply Depot  
  14  0:24  SCV  
  15  0:38  SCV  
  15  0:40  Barracks  
  16  0:42  Refinery  
  16  0:50  SCV  
  17  1:02  SCV  
  18  1:15  SCV  
  19  1:26  Barracks Reactor  
  19  1:27  Orbital Command  
  19  1:45  Command Center  
  19  1:52  Supply Depot, SCV  
  20  2:04  Marine x2  
  20  2:06  SCV  
  23  2:12  Factory  
  23  2:18  SCV  
  23  2:22  Marine x2  
  25  2:30  SCV  
  25  2:32  Refinery  
  26  2:40  Marine x2  
  26  2:42  SCV  
  29  2:54  SCV  
  29  2:58  Factory Tech Lab, Armory  
  30  3:03  Marine  
  31  3:07  SCV, Marine  
  31  3:10  Orbital Command  
  33  3:17  Widow Mine  
  35  3:21  Starport  
  35  3:25  SCV  
  36  3:37  SCV x2  
  36  3:40  Widow Mine  
  40  3:44  Drilling Claws  
  40  3:49  SCV x2  
  42  3:57  Medivac  
  42  4:01  Supply Depot  
  44  4:03  Widow Mine  
  44  4:06  SCV x2  
  48  4:12  Command Center  
  48  4:18  SCV x2  
  48  4:21  Barracks  
  50  4:27  Medivac, Widow Mine  
  50  4:30  SCV  
  55  4:31  SCV  
  55  4:36  Supply Depot  
  56  4:42  SCV  
  56  4:43  SCV  
  56  4:45  Barracks  
  58  4:47  Marine  
  58  4:48  Marine  
  58  4:51  Widow Mine  
  62  4:57  SCV  
  60  5:10  SCV x2  
  60  5:12  Barracks Tech Lab  
  57  5:14  Engineering Bay x2  
  57  5:16  Marine x2  
  57  5:20  Bunker  
  59  5:22  SCV x2  
  59  5:26  Starport Reactor, Orbital Command  
  61  5:31  Factory Reactor  
  61  5:34  Refinery  
  61  5:35  Stimpack  
  55  5:36  SCV x2  
  55  5:37  Refinery  
  55  5:38  Marine x2  
  55  5:42  Marauder  
  61  5:50  Orbital Command, SCV x2  
  61  5:52  Combat Shield  
  61  5:53  Marauder  
  65  5:59  Terran Infantry Weapons Level 1  
  65  6:04  Barracks  
  65  6:05  SCV x2  
  65  6:06  Barracks, Marine x2  
  65  6:07  Marauder  
  71  6:12  Terran Infantry Armor Level 1  
  71  6:16  SCV  
  71  6:18  SCV x2  
  74  6:19  Widow Mine x2  
  74  6:23  Marauder  
  74  6:24  Marine x2  
  82  6:27  Supply Depot  
  82  6:28  Medivac  
  82  6:32  SCV  
  85  6:35  Supply Depot  
  85  6:42  Supply Depot  
  85  6:43  Supply Depot  
  85  6:49  Medivac, Widow Mine, SCV x3  
  85  6:50  Marine  
  85  6:52  Supply Depot  
  85  6:53  Barracks Tech Lab  
  93  6:54  Barracks Reactor  
  93  6:57  Marauder x2, Widow Mine, Marine  
  100  7:03  Medivac  
  100  7:04  Supply Depot, SCV x3  
  105  7:14  Marauder, Marine  
  105  7:15  Marine  
  107  7:17  Supply Depot, SCV x3  
  107  7:19  Widow Mine x2  
  112  7:24  Marauder x2  
  112  7:27  Supply Depot  
  112  7:29  SCV x3  
  119  7:30  Medivac  
  119  7:31  Supply Depot  
  119  7:35  Medivac  
  123  7:38  Refinery x2  
  123  7:40  Widow Mine x2  
  123  7:41  Concussive Shells, SCV x3  
  128  7:44  Supply Depot  
  128  7:46  Marauder x2, Marine x2  
  128  7:47  Marine  
  128  7:49  Marauder, Marine  
  138  7:59  Supply Depot  
  138  8:00  Supply Depot  
  138  8:01  Widow Mine x2  
  127  8:16  Marauder x3, Marine x4  
  127  8:17  Medivac x2  
  134  8:24  Terran Infantry Weapons Level 2  
  132  8:29  Command Center  
  132  8:31  Widow Mine x2  
  128  8:37  Marine x4  
  128  8:38  Marauder x3  
  138  8:46  Terran Infantry Armor Level 2  
  138  8:49  Barracks, Ghost Academy  
  138  8:50  Barracks x2  
  138  8:53  Widow Mine x2  
  142  8:57  Marine x3  
  142  8:59  Marauder  
  142  9:00  Marauder  
  147  9:13  Medivac x2  
  151  9:17  Marine x2  
  151  9:18  Marauder, Marine x2  
  151  9:19  Widow Mine x2  
  151  9:21  Marauder x2  
  165  9:35  Marine x3  
  165  9:38  Barracks Tech Lab x2  
  168  9:39  Barracks Reactor, Marauder  
  168  9:40  Widow Mine x2  
  168  9:42  Marauder x2  
  172  9:49  Marine  
  172  9:52  Medivac x2  
  170  9:53  Marine  
  170  9:57  Marine  
  170  9:58  Marauder x2  
  166  10:00  Marauder  
  166  10:02  Marine  
  166  10:03  Widow Mine x2  
  166  10:04  Marauder x2  
  175  10:07  Marine  
  175  10:11  Marine  
  168  10:15  Marine  
  168  10:16  Marine x2  
  168  10:19  Marauder x2  
  168  10:20  Marine  
  171  10:22  Marauder  
  171  10:24  Marine  
  171  10:25  Marauder, Widow Mine x2, Marine  
  174  10:32  Planetary Fortress  
  174  10:34  Medivac x2, Marine x2  
  174  10:35  Marine x2  
  175  10:40  Marauder x2  
  179  10:44  SCV x3  
  179  10:52  Widow Mine x2  
  183  11:02  Missile Turret  
  183  11:03  Missile Turret  
  183  11:05  Missile Turret  
  181  11:15  Ghost x3  
  181  11:16  Marine x4  
  181  11:17  Marine x4  
  195  11:21  Supply Depot  
  195  11:23  Refinery  
  195  11:24  SCV  
  195  11:25  Refinery, SCV x2  
  196  11:33  SCV  
  195  11:46  Widow Mine x2  
Show
View Real Time Build Order
Export as new Build Order

Astrea Protoss 

Build Orders: 1 Gate Expand, Double Forge 

Get SALT Encoding   

  12  0:00  Probe  
  13  0:12  Probe  
  14  0:17  Pylon  
  14  0:24  Probe (Chrono Boost)  
  15  0:36  Probe (Chrono Boost)  
  15  0:37  Gateway  
  16  0:44  Probe (Chrono Boost)  
  16  0:48  Assimilator  
  17  0:51  Probe  
  18  1:03  Probe  
  19  1:15  Probe  
  20  1:21  Nexus  
  20  1:32  Cybernetics Core  
  20  1:34  Probe  
  21  1:41  Assimilator  
  21  1:47  Probe  
  22  1:50  Pylon  
  22  1:59  Probe (Chrono Boost)  
  23  2:09  Sentry  
  23  2:11  Probe (Chrono Boost)  
  26  2:16  Warp Gate  
  26  2:18  Probe (Chrono Boost)  
  27  2:25  Probe (Chrono Boost)  
  28  2:35  Sentry  
  28  2:36  Probe x2 (Chrono Boost)  
  32  2:43  Probe (Chrono Boost)  
  34  2:44  Probe (Chrono Boost)  
  34  2:49  Nexus  
  34  2:52  Probe  
  34  2:55  Probe  
  36  3:02  Sentry  
  36  3:04  Probe  
  39  3:07  Probe  
  39  3:09  Pylon  
  40  3:18  Robotics Facility, Probe (Chrono Boost)  
  40  3:19  Probe (Chrono Boost)  
  42  3:31  Probe (Chrono Boost)  
  44  3:34  Probe (Chrono Boost)  
  44  3:36  Probe (Chrono Boost)  
  44  3:41  Probe  
  46  3:44  Gateway  
  46  3:45  Gateway  
  46  3:48  Probe  
  47  3:50  Pylon  
  47  3:53  Probe  
  48  4:00  Probe (Chrono Boost)  
  49  4:05  Observer  
  49  4:06  Stalker  
  49  4:07  Probe (Chrono Boost)  
  49  4:09  Assimilator  
  54  4:11  Probe (Chrono Boost)  
  55  4:18  Probe (Chrono Boost)  
  55  4:19  Probe (Chrono Boost)  
  55  4:22  Probe (Chrono Boost)  
  55  4:24  Probe (Chrono Boost)  
  56  4:25  Probe (Chrono Boost)  
  56  4:26  Immortal (Chrono Boost)  
  62  4:31  Shield Battery, Probe  
  62  4:35  Probe  
  62  4:36  Pylon, Probe  
  65  4:40  Stalker x3  
  65  4:44  Probe  
  72  4:47  Probe  
  72  4:48  Probe, Forge  
  74  4:57  Probe, Forge  
  70  5:00  Twilight Council  
  70  5:07  Probe  
  61  5:08  Observer (Chrono Boost)  
  61  5:10  Probe x2  
  61  5:18  Nexus  
  61  5:19  Probe  
  62  5:21  Observer (Chrono Boost)  
  62  5:22  Probe x2  
  62  5:28  Stalker x2  
  69  5:33  Probe (Chrono Boost)  
  69  5:34  Probe (Chrono Boost)  
  72  5:43  Probe (Chrono Boost)  
  72  5:45  Probe (Chrono Boost)  
  72  5:48  Probe (Chrono Boost)  
  73  5:51  Probe x2 (Chrono Boost)  
  73  5:55  Probe  
  73  5:56  Protoss Ground Armor Level 1 (Chrono Boost), Stalker x3  
  81  6:02  Probe x2  
  83  6:06  Protoss Ground Weapons Level 1 (Chrono Boost)  
  83  6:07  Probe  
  83  6:10  Pylon  
  84  6:11  Charge  
  84  6:12  Observer  
  84  6:13  Pylon  
  84  6:14  Probe  
  85  6:28  Pylon, Probe x3  
  85  6:31  Photon Cannon  
  85  6:32  Probe  
  89  6:35  Sentry  
  91  6:40  Gateway x2, Probe x2  
  91  6:43  Gateway, Probe  
  91  6:44  Gateway x2, Probe  
  91  6:45  Photon Cannon  
  95  6:49  Photon Cannon  
  95  6:53  Photon Cannon  
  96  6:54  Probe x2  
  97  7:07  Probe x3  
  98  7:20  Gateway x2  
  98  7:23  Stalker x3  
  104  7:31  Shield Battery  
  104  7:34  Immortal  
  108  7:40  Sentry x2, Zealot x3  
  118  7:47  Pylon  
  118  7:48  Pylon  
  118  7:51  Blink  
  118  7:54  Zealot x3  
  118  7:57  Pylon x2  
  124  7:58  Pylon, Observer  
  124  8:07  Zealot x2  
  124  8:08  Zealot x3  
  116  8:13  Protoss Ground Weapons Level 2 (Chrono Boost)  
  116  8:15  Probe x2  
  116  8:16  Probe x2  
  116  8:17  Protoss Ground Armor Level 2 (Chrono Boost)  
  103  8:27  Probe  
  103  8:28  Probe x3  
  103  8:29  Zealot x10  
  127  8:35  Assimilator  
  127  8:36  Assimilator  
  127  8:40  Probe x4  
  131  8:50  Sentry  
  131  8:51  Zealot x9  
  131  8:54  Probe x4  
  155  9:00  Assimilator  
  155  9:04  Observer  
  153  9:15  Zealot  
  147  9:18  Zealot x8  
  161  9:25  Observer  
  161  9:31  Robotics Bay  
  161  9:36  Robotics Facility  
  157  9:43  Stalker, Zealot x2  
  157  9:44  Zealot x5  
  155  9:50  Zealot x2  
  123  10:04  Zealot x7  
  129  10:08  Stalker  
  117  10:15  Stalker x2  
  117  10:24  Zealot x4  
  117  10:25  Zealot x3  
  111  10:33  Disruptor (Chrono Boost)  
  111  10:40  Disruptor (Chrono Boost)  
  103  10:46  Stalker x10  
  103  10:51  Assimilator  
  94  11:01  Disruptor (Chrono Boost)  
  97  11:04  Observer  
  97  11:05  Nexus  
  95  11:13  Observer  
  98  11:18  Pylon  
  98  11:20  Disruptor (Chrono Boost)  
  98  11:34  Disruptor (Chrono Boost)  
  101  11:48  Zealot x10  
Tags
 
Add a new tag
Caveats
  • Supply blocks, unpowered buildings, or Contaminate may cause inaccurate times.
  • Supply counts are checked every 10 seconds.